 Dungeon Crawl Stone Soup version 0.32-a0-35-gd9ff480968 (webtiles) character file.

Game seed: 9334048171851961547

191 PriceMaster the Digger (level 5, -1/48 HPs)
             Began as an Octopode Earth Elementalist on Jan 23, 2024.
             Slain by Duvessa
             ... wielding a +0 rapier
              (6 damage)
             ... on level 4 of the Dungeon.
             The game lasted 00:04:44 (2472 turns).

PriceMaster the Digger (OpEE)                       Turns: 2472, Time: 00:04:46

Health: -1/48      AC: 22    Str:  9    XL:     5   Next: 70%
Magic:  0/9        EV:  2    Int: 17    God:
Gold:   153        SH:  0    Dex: 13    Spells: 6/10 levels left

rFire   . . .        d - +0 scimitar
rCold   . . .        (no shield)
rNeg    . . .        (helmet currently unavailable)
rPois   +            j - amulet of guardian spirit
rElec   .            (no ring)
rCorr   .            (no ring)
SInv    .            (no ring)
Will    .....        (no ring)
Stlth   ++           (no ring)
HPRegen 0.28/turn    (no ring)
MPRegen 0.11/turn    (no ring)
                     (no ring)

%: guardian spirit
@: tree-form, very slightly contaminated
A: stationary, stasis, torment immunity, boosted hp, almost no armour,
(amphibious), 8 rings, (camouflage 1), (gelatinous body 1), (nimble swimmer 1),
(tentacles)
a: no special abilities


You were on level 4 of the Dungeon.
You were a tree.
You visited 1 branch of the dungeon, and saw 4 of its levels.

You collected 153 gold pieces.

Inventory:

Hand Weapons
 d - a +0 scimitar (weapon)
Magical Staves
 o - a staff of air
Jewellery
 j - an amulet of guardian spirit (around neck)
Scrolls
 e - 2 scrolls of butterflies
 g - a scroll of fear {unknown}
 h - a scroll of noise {unknown}
 k - 3 scrolls of teleportation {unknown}
 l - a scroll of revelation {unknown}
Potions
 a - a potion of magic
 f - a potion of attraction {unknown}
 i - a potion of berserk rage {unknown}
 m - a potion of heal wounds {unknown}
 n - a potion of ambrosia {unknown}
 p - a potion of curing {unknown}
 r - a potion of enlightenment {unknown}


   Skills:
 + Level 0.6 Fighting
 + Level 1.7 Long Blades
 + Level 2.4 Dodging
 + Level 3.9 Stealth
 * Level 3.1 Spellcasting
 + Level 1.6 Conjurations
 + Level 3.9 Earth Magic


You had 6 spell levels left.
You knew the following spells:

 Your Spells              Type           Power      Damage    Failure   Level
a - Sandblast             Erth           32%        2d9       3%          1
b - Stone Arrow           Conj/Erth      24%        3d8       16%         3

Your spell library contained the following spells:

 Spells                   Type           Power      Damage    Failure   Level
 Passwall                 Erth           16%        N/A       10%         3
 Call Imp                 Summ           4%         N/A       26%         2
 Sublimation of Blood     Necr           2%         N/A       26%         2
 Call Canine Familiar     Summ           2%         N/A       45%         3
 Gell's Gravitas          Tloc           2%         N/A       45%         3
 Sigil of Binding         Hex            2%         N/A       45%         3
 Summon Ice Beast         Ice/Summ       2%         N/A       45%         3
 Teleport Other           Tloc           2%         N/A       45%         3
 Brom's Barrelling Bould  Conj/Erth      12%        2d4       47%         4
 Petrify                  Alch/Erth      9%         N/A       58%         4
 Dimensional Bullseye     Hex/Tloc       1%         N/A       86%         4
 Iskenderun's Battlesphe  Conj           8%         2d6       94%         5
 Fireball                 Conj/Fire      2%         3d4       98%         5
 Summon Mana Viper        Hex/Summ       2%         N/A       99%         5
 Conjure Ball Lightning   Conj/Air       2%         3x3d6     100%        6
 Dispersal                Tloc           1%         N/A       100%        6
 Monstrous Menagerie      Summ           1%         N/A       100%        7
 Orb of Destruction       Conj           4%         9d5       100%        7
 Summon Hydra             Summ           1%         N/A       100%        7


Dungeon Overview and Level Annotations

Branches:
Dungeon (4/15)
 Temple: D:4-7

Altars:

Shops:
D:2 :

Annotations:
D:4 Duvessa


Innate Abilities, Weirdness & Mutations

You are a tree.
Your roots penetrate the ground, keeping you stationary.
You cannot be teleported.
You are immune to unholy pain and torment.
Your maximum health is greatly increased.
You cannot wear most types of armour.
((You are amphibious.))
You can wear up to eight rings at the same time.
((Your skin changes colour to match your surroundings (Stealth+).))
((Your rubbery body absorbs attacks. (AC +1, EV +1)))
((You are camouflaged when in or above water. (Stealth+)))
((You have tentacles for arms and can constrict up to eight enemies at once.))


Message History

Dowan gestures wildly while chanting.
Dowan blinks!
The dart slug bites you but does no damage.
You closely miss Duvessa.
Duvessa is lightly wounded.
Duvessa hits you with a +0 rapier.
The dart slug bites you but does no damage.
Duvessa hits you but does no damage.
You slash Duvessa!
Duvessa is heavily wounded.
The dart slug bites you but does no damage.
Duvessa hits you with a +0 rapier!
You closely miss Duvessa.
Duvessa is heavily wounded.
Duvessa hits you with a +0 rapier.
The dart slug bites you but does no damage.
Casting: Stone Arrow (dangerous; 17% risk of failure)
Confirm with . or Enter, or press ? or * to list all spells.
You don't have enough magic to cast this spell.
Aiming: Sandblast (safe; 3% risk of failure)
Press: ? - help, Q - select action, (/) - cycle Shift-Dir - straight line, f/p - Dowan
Aim: Dowan, wielding a +0 dagger and wearing a +0 robe (almost dead, 75% to hit)
The blast of sand hits Dowan.
You kill Dowan!
Duvessa weeps, and shakes her weapon.
Duvessa goes berserk!
Duvessa hits you with a +0 rapier. Duvessa hits you with a +0 rapier!
The dart slug bites you but does no damage.
Duvessa hits you but does no damage.
Aiming: Sandblast (safe; 3% risk of failure)
Press: ? - help, Q - select action, (/) - cycle Shift-Dir - straight line, f - Duvessa
Aim: Duvessa, wielding a +0 rapier and wearing a +0 scale mail (heavily wounded, berserk, 87% to hit)
The blast of sand hits Duvessa but does no damage.
Duvessa is heavily wounded.
Duvessa hits you with a +0 rapier!
* * * LOW HITPOINT WARNING * * *
The dart slug bites you.
* * * LOW HITPOINT WARNING * * *
Duvessa hits you with a +0 rapier.
You die...

#.# #.# #..# #.# ##..#
#.# #...# #.########
#)#.# #......... # #...#
#.#######.
#.####..#####.##.....#
###...w.........##.####.
#....Ke♣..########.# #.
#.#...##.## #.# ###
#.... #.# #.# #.. #...
.)# #.# #.# ... ....
#####.###.# #. .....
..........# # .!.#.##
........### ...##.#
#####.#.### #.†....


You could see Duvessa (berserk), a kobold brigand and a dart slug.

Vanquished Creatures
  Dowan (D:4)
  Terence (D:2)
  2 adders
  3 gnolls (D:2)
  A dart slug (D:1)
  3 ribbon worms
  12 bats
  5 endoplasms
  2 giant cockroaches (D:1)
  7 goblins
  6 hobgoblins
  A jackal (D:2)
  3 quokkas
  5 ball pythons
  3 frilled lizards
  6 kobolds
  10 rats
71 creatures vanquished.

Notes
Turn   | Place    | Note
-------+----------+-------------------------------------------
     0 | D:1      | PriceMaster the Octopode Earth Elementalist began the quest
                  | for the Orb.
     0 | D:1      | Reached XP level 1. HP: 11/11 MP: 3/3
   177 | D:1      | Reached XP level 2. HP: 17/17 MP: 5/5
   495 | D:1      | Reached XP level 3. HP: 21/21 MP: 6/6
  1007 | D:2      | Found Iqia's Book Shop.
  1010 | D:2      | Noticed Terence
  1048 | D:2      | Killed Terence
  1049 | D:2      | Reached XP level 4. HP: 11/27 MP: 3/7
  1058 | D:2      | Identified the +5 ring mail of Mutualism {^Drain rF+++
                  | Int+2}
  1291 | D:2      | Reached skill level 1 in Long Blades
  1742 | D:2      | Reached XP level 5. HP: 31/32 MP: 9/9
  1921 | D:3      | Learned a level 3 spell: Stone Arrow
  2461 | D:4      | Noticed Dowan
  2461 | D:4      | Noticed a kobold brigand
  2462 | D:4      | Noticed Duvessa
  2471 | D:4      | Killed Dowan
  2472 | D:4      | Slain by Duvessa

Illustrated notes

Levels and vault maps discovered:
D:1:      lightli_arrival_windingriver, layout_loops_ring,
          chequers_serial_rivers_small_a, chequers_avenue
D:2:      minmay_razor_zed, layout_basic, serial_shops, shop, uniq_terence
D:3:      layout_rooms, kennysheep_nub
D:4:      layout_loops_ring, uniq_duvessa

Skill      XL: |  1  2  3  4  5 |
---------------+----------------+-----
Stealth        | 3 |  3.9
Long Blades    | 1 |  1.7
Spellcasting   | 3 |  3.1
Fighting       | |  0.6
Dodging        | |  2.4
Conjurations   | |  1.6
Earth Magic    | |  3.9

Action                     |  1- 3 |  4- 6 || total
---------------------------+-------+-------++-------
  Melee: Scimitar          |    35 |    58 ||    93
         Constrict         |    12 |     8 ||    20
         Unarmed           |     2 |       ||     2
         Tentacles         |     4 |     9 ||    13
         Punch             |     1 |       ||     1
   Cast: Sandblast         |    23 |    19 ||    42
         Stone Arrow       |       |     1 ||     1
    Use: Scroll            |     1 |     2 ||     3
         Potion            |       |     1 ||     1
   Stab: Distracted        |     1 |       ||     1
         Sleeping          |     4 |    11 ||    15
 Armour: Skin              |    20 |    43 ||    63
  Dodge: Dodged            |    30 |    39 ||    69

Table legend: (Time is in decaauts)
 A = Elapsed time spent in this place.
 B = Non-inter-level travel time spent in this place.
 C = Inter-level travel time spent in this place.
 D = Time resting spent in this place.
 E = Time spent auto-exploring this place.
 F = Levels seen in this place.
 G = Mean time per level.
                   A        B        C        D        E       F      G
               +--------+--------+--------+--------+--------+-----+--------+
         Total |   2523 |   2425 |     98 |      0 |   1911 |   4 |  630.8 |
       Dungeon |   2523 |   2425 |     98 |      0 |   1911 |   4 |  630.8 |
               +--------+--------+--------+--------+--------+-----+--------+

Top non-repeatable levels by time:
     D:1: 997 daAuts
     D:2: 932 daAuts
     D:3: 430 daAuts
     D:4: 164 daAuts
